 Seeded DCSS version 0.29.0-13-gc9e81de378 (webtiles) character file.

Game seed: 9997410970728886651 (custom seed)

74 nickcage the Poker (level 4, -1/33 HPs)
             Began as a Merfolk Gladiator on Sept 8, 2022.
             Slain by an orc
             ... wielding a +0 dagger
              (2 damage)
             ... on level 3 of the Dungeon.
             The game lasted 00:02:59 (2144 turns).

nickcage the Poker (Merfolk Gladiator)              Turns: 2144, Time: 00:03:00

Health: -1/33      AC:  9    Str: 22    XL:     4   Next: 30%
Magic:  4/4        EV:  9    Int:  7    God:
Gold:   70         SH:  0    Dex: 15    Spells: 3/3 levels left

rFire   + + .      SeeInvis .   w - +9 glaive of Aclucef {vorpal, rPois rF+}
rCold   . . .      Faith    .   (shield currently unavailable)
rNeg    . . .      Spirit   .   p - +0 chain mail
rPois   +          Reflect  .   c - +0 helmet
rElec   .          Harm     .   (no cloak)
rCorr   .          Rampage  .   (no gloves)
Will    .....                   (no boots)
Stlth   ..........              (no amulet)
HPRegen 0.11/turn               o - +6 ring of strength
MPRegen 0.09/turn               r - ring of protection from fire

@: no status effects
A: (nimble swimmer 2), mertail
a: no special abilities


You were on level 3 of the Dungeon.
You visited 1 branch of the dungeon, and saw 3 of its levels.

You collected 70 gold pieces.

Inventory:

Hand Weapons
 a - a +0 trident
 w - the +9 glaive of Aclucef (weapon) {vorpal, rPois rF+}
   (You found it on level 2 of the Dungeon)

   It inflicts extra damage upon your enemies.
   rF:        It protects you from fire.
   rPois:     It protects you from poison.
Missiles
 d - 3 throwing nets (quivered)
 k - a javelin
Armour
 b - a +0 leather armour
 c - a +0 helmet (worn)
 m - a +0 ring mail
 p - a +0 chain mail (worn)
Jewellery
 f - a +6 ring of intelligence
 g - a ring of fire
 o - a +6 ring of strength (left hand)
 r - a ring of protection from fire (right hand)
Wands
 u - a wand of flame (30)
Scrolls
 e - 2 scrolls of magic mapping {unknown}
 h - a scroll of immolation {unknown}
 j - a scroll of identify {unknown}
 q - a scroll of amnesia {unknown}
 s - a scroll of teleportation {unknown}
 x - a scroll of poison {unknown}
 y - a scroll of noise {unknown}
Potions
 i - 2 potions of heal wounds {unknown}
 l - a potion of magic {unknown}
 n - 2 potions of lignification {unknown}
 t - a potion of berserk rage {unknown}
 v - 2 potions of invisibility {unknown}
 z - a potion of brilliance {unknown}


   Skills:
 - Level 2.1 Fighting
 + Level 6.6 Polearms
 - Level 2.0 Throwing
 - Level 4.0 Dodging


You had 3 spell levels left.
You didn't know any spells.
Your spell library was empty.

Dungeon Overview and Level Annotations

Branches:
Dungeon (3/15)

Altars:
Fedhas


Innate Abilities, Weirdness & Mutations

((You are very nimble when in or above water. (Stealth+, EV+, Speed+++)))
Your lower body shifts to a powerful aquatic tail in water.


Message History

You reach to attack!
You slash the endoplasm!
You kill the endoplasm!
You closely miss the rat. The rat closely misses you.
You slash the rat!
You kill the rat!
v - 2 golden potions (gained 1)
An orc priest comes into view. It is wielding a +0 morningstar.
An orc comes into view. It is wielding a +0 vorpal hand axe.
The orc shouts!
An orc comes into view. It is wielding a +0 dagger.
An orc comes into view. It is wielding a +0 falchion.
The orc shouts! x2
The orc priest casts a cantrip, but nothing happens.
The orc priest invokes the aid of Beogh against you.
Pain shoots through your body!
You reach to attack!
You slash the orc priest!
The orc priest is severely wounded.
A bat comes into view.
The orc priest looks encouraged for a moment.
You barely miss the orc.
The orc hits you with a +0 vorpal hand axe.
The orc priest miscasts a cantrip.
A dart slug comes into view.
You are too injured to fight recklessly!
You are too injured to fight recklessly!
You closely miss the orc. The orc barely misses you.
The orc priest casts a cantrip, but nothing happens.
The orc hits you but does no damage.
You slice the orc!!
You kill the orc!
The orc priest mumbles some strange prayers to Beogh against you.
Beogh smites you!
* * * LOW HITPOINT WARNING * * *
You slash the orc!
You kill the orc!
The bat hits you but does no damage. x2
You slice the bat!!
You kill the bat!
You barely miss the orc. The orc hits you with a +0 dagger.
You die...

#.# #.###########
#.#.........# ####
###.#.........####....#.
................@oow....
###.#.........####....#.
#.#....†....# ...#
#.#.........# ..#
###..........## .#
.............# ..
##...........# .
#....(......#
##..........#


You could see an orc priest, a dart slug and an orc.

Vanquished Creatures
  An adder (D:2)
  2 dart slugs (D:1)
  A worm (D:2)
  2 orcs (D:3)
  12 endoplasms
  4 hobgoblins
  2 jackals (D:2)
  A quokka (D:2)
  5 ball pythons
  7 bats
  4 frilled lizards (D:1)
  4 goblins
  2 kobolds
  9 rats
56 creatures vanquished.

Notes
Turn   | Place    | Note
-------+----------+-------------------------------------------
     0 | D:1      | nickcage the Merfolk Gladiator began the quest for the Orb.
     0 | D:1      | Reached XP level 1. HP: 16/16 MP: 1/1
    10 | D:1      | Noticed a snapping turtle
    10 | D:1      | Noticed a six-headed hydra
    10 | D:1      | Noticed a lindwurm
    11 | D:1      | Noticed an anaconda
    11 | D:1      | Noticed a polar bear
   208 | D:1      | Reached XP level 2. HP: 22/22 MP: 2/2
   252 | D:1      | Reached skill level 5 in Polearms
   506 | D:1      | Reached XP level 3. HP: 22/27 MP: 3/3
   672 | D:1      | Found a faded altar of an unknown god.
  1324 | D:2      | Identified the +0 leather armour of Divine Intervention
                  | {rElec rCorr}
  1337 | D:2      | Reached skill level 6 in Polearms
  1531 | D:2      | Found a blossoming altar of Fedhas.
  1704 | D:2      | Reached XP level 4. HP: 33/33 MP: 4/4
  1768 | D:2      | Identified the +9 glaive of Aclucef {vorpal, rPois rF+}
  2141 | D:3      | HP: 1/33 [orc priest/divine providence (14)]
  2144 | D:3      | Slain by an orc

Illustrated notes

Levels and vault maps discovered:
D:1:      onia_arrival_zoo_common, layout_basic, basic_ecumenical_altar,
          minmay_bisected
D:2:      layout_rooms, basic_altar
D:3:      layout_basic, nicolae_dithmenos_the_darkroom

Skill      XL: |  1  2  3 |
---------------+----------+-----
Polearms       | 5 6 |  6.6
Fighting       | |  2.1
Throwing       | |  2.0
Dodging        | |  4.0

Action                   |  1- 3 |  4- 6 || total
-------------------------+-------+-------++-------
Melee: Trident           |   109 |    13 ||   122
       Glaive            |       |    16 ||    16
Throw: Javelin           |     1 |       ||     1
Armor: Leather armour    |    12 |       ||    12
       Chain mail        |    16 |     9 ||    25
       Ring mail         |     2 |       ||     2
Dodge: Dodged            |    37 |    11 ||    48
